 Dungeon Crawl Stone Soup version 0.30.0-29-ga12c61a403 (webtiles) character file.

Game seed: 2094892676923237934

312 qw the Chopper (level 6, -4/37 HPs)
             Began as a Gargoyle Fighter on June 2, 2023.
             Slain by Edmund
             ... wielding a +1 dire flail of protection
              (8 damage)
             ... on level 4 of the Dungeon.
             The game lasted 00:01:17 (2834 turns).

qw the Chopper (Gargoyle Fighter)                   Turns: 2834, Time: 00:01:18

Health: -4/37      AC: 16    Str: 22    XL:     6   Next: 42%
Magic:  6/6        EV: 13    Int:  8    God:
Gold:   63         SH:  4    Dex:  9    Spells: 5/5 levels left

rFire   . . .        Y - +2 war axe
rCold   . . .        c - +0 buckler
rNeg    + . .        k - +0 chain mail
rPois   inf          (no helmet)
rElec   +            (no cloak)
rCorr   .            (no gloves)
SInv    .            j - +2 pair of boots
Will    +....        (no amulet) Stlth
                     h - +5 ring of evasion
HPRegen 0.26/turn    f - ring of willpower
MPRegen 0.10/turn

%: no passive effects
@: about to teleport
A: sickness immunity, AC +4, negative energy resistance 1, electricity
resistance, torment resistance 1, petrification resistance
a: no special abilities


You were on level 4 of the Dungeon.
You visited 2 branches of the dungeon, and saw 5 of its levels.

You collected 105 gold pieces.
You spent 42 gold pieces at shops.


Innate Abilities, Weirdness & Mutations

You are immune to sickness and miasma.
Your stone body is resilient. (AC +4)
You are immune to poison.
You resist negative energy. (rN+)
You are resistant to electric shocks. (rElec)
You are resistant to unholy torment.
You are immune to petrification.


   Skills:
 + Level 3.4 Fighting
 - Level 5.8 Axes
 - Level 1.0 Throwing
 - Level 3.2 Armour
 - Level 3.2 Shields


You had 5 spell levels left.
You didn't know any spells.
Your spell library was empty.

Inventory:

Hand Weapons
 n - a +0 flail
 Y - a +2 war axe (weapon)
Missiles
 b - 4 javelins (quivered)
Armour
 c - a +0 buckler (worn)
 j - a +2 pair of boots (worn)
 k - a +0 chain mail (worn)
Jewellery
 f - a ring of willpower (right hand)
 h - a +5 ring of evasion (left hand)
Potions
 d - 3 potions of might
 e - a potion of invisibility {unknown}
 g - 3 potions of curing
 l - a potion of mutation {unknown}
 m - a potion of heal wounds
 o - a potion of magic {unknown}

Dungeon Overview and Level Annotations

Branches:
Dungeon (4/15)             Temple (1/1) D:4

Altars:
Ashenzari
Cheibriados
Dithmenos
Elyvilon
Fedhas
Gozag
Hepliaklqana
Makhleb
Nemelex Xobeh
Qazlal
Ru
Sif Muna
Trog
Uskayaw
Wu Jian
Yredelemnul
Zin

Shops:
D:3 !

Annotations:
D:4 Edmund


Message History

You hit Edmund.
Edmund is moderately wounded.
Edmund says, "A flail is better than a scythe, any day of the week!"
Edmund closely misses you. Edmund hits you but does no damage.
You hit Edmund but do no damage.
Edmund is moderately wounded.
Edmund barely misses you.
You barely miss Edmund.
Edmund is moderately wounded.
Edmund closely misses you.
You hit Edmund but do no damage.
Edmund is moderately wounded.
Edmund closely misses you.
You hit Edmund but do no damage.
Edmund is moderately wounded.
Edmund barely misses you. Edmund hits you but does no damage.
You barely miss Edmund.
Edmund is moderately wounded.
Edmund hits you with a +1 dire flail of protection!
You slash Edmund!
Edmund is severely wounded.
You block Edmund's attack.
You barely miss Edmund.
Edmund is severely wounded.
Edmund closely misses you.
You hit Edmund.
Edmund is severely wounded.
Edmund hits you with a +1 dire flail of protection!
Edmund closely misses you.
You hit Edmund but do no damage.
Edmund is severely wounded.
Edmund hits you with a +1 dire flail of protection.
You barely miss Edmund.
Edmund is severely wounded.
Edmund hits you with a +1 dire flail of protection!
2834 ||| READING scroll of teleportation.
As you read the scroll of teleportation, it crumbles to dust.
You feel strangely unstable.
Edmund hits you with a +1 dire flail of protection!
You die...

..######..###....#
.## ##..##....# .#
#.........# .#
#.........## ##
#.....##....# #
#.....####...# #
#......# #...#
#......# #...#
#........ ##@.#
............@%.#
#.. ........)#
.... ........##
.... .)......# #
.....#### # ##...
#...


You could see Edmund.

Vanquished Creatures
  Grinder (D:3)
  4 adders
  2 worms
  3 orcs (D:3)
  6 bats
  8 endoplasms
  2 giant cockroaches
  3 goblins (D:1)
  4 hobgoblins
  4 jackals (D:3)
  6 kobolds
  5 quokkas
  9 ball pythons
  8 frilled lizards
  4 rats (D:1)
69 creatures vanquished.

Notes
Turn   | Place    | Note
-------+----------+-------------------------------------------
     0 | D:1      | qw the Gargoyle Fighter began the quest for the Orb.
     0 | D:1      | Reached XP level 1. HP: 14/14 MP: 1/1
     0 | D:1      | 0 ||| qw: Version: 0.2-a-102-gdf20003
     0 | D:1      | 0 ||| qw: Game counter: 889
     0 | D:1      | 0 ||| qw: Always use a shield: true
     0 | D:1      | 0 ||| qw: God list: Okawaru
     0 | D:1      | 0 ||| qw: Allow faded altars: false
     0 | D:1      | 0 ||| qw: Do Orc after D:15 true
     0 | D:1      | 0 ||| qw: Do second Lair branch before Depths: true
     0 | D:1      | 0 ||| qw: Lair rune preference: random
     0 | D:1      | 0 ||| qw: Plans: Normal, Zot:1-4, Slime:5, God:TSO, Crypt,
                  | Tomb, Pan, Hells, Abyss, Win
     0 | D:1      | 0 ||| PLANNING D:1-11
    70 | D:1      | Reached skill level 2 in Axes
   144 | D:1      | Reached XP level 2. HP: 12/19 MP: 2/2
   272 | D:1      | Found a faded altar of an unknown god.
   542 | D:1      | Reached skill level 3 in Axes
   660 | D:1      | Reached XP level 3. HP: 18/23 MP: 3/3
   883 | D:1      | 883 ||| UPGRADING to +0 chain mail.
   893 | D:1      | 893 ||| DROPPING +0 scale mail.
   894 | D:1      | 894 ||| UPGRADING to +5 ring of evasion.
   895 | D:1      | 895 ||| READING scroll labelled LELETE OTHRAH.
   896 | D:1      | 896 ||| DRINKING 2 lumpy blue potions.
   897 | D:1      | 897 ||| DROPPING potion of degeneration.
  1679 | D:2      | 1679 ||| UPGRADING to +2 pair of boots.
  1684 | D:2      | 1684 ||| READING 2 scrolls labelled LUAZIRU HONO.
  1687 | D:2      | 1687 ||| READING scroll labelled FURCHI FOQOZYNA.
  1688 | D:2      | 1688 ||| READING scroll labelled WIAWNEEFOST.
  1689 | D:2      | 1689 ||| READING scroll labelled ERIRYS QADU.
  1690 | D:2      | 1690 ||| READING scroll labelled TETALUO VINAI.
  1691 | D:2      | 1691 ||| DRINKING 4 yellow potions.
  1745 | D:3      | 1745 ||| READING scroll of enchant weapon.
  1745 | D:3      | 1745 ||| ENCHANTING +1 war axe.
  1755 | D:3      | Reached XP level 4. HP: 28/28 MP: 4/4
  1759 | D:3      | 1759 ||| Stepping ~*~*~tactically~*~*~ (stealth).
  1765 | D:3      | 1765 ||| DROPPING +0 club.
  1794 | D:3      | Reached skill level 1 in Throwing
  1856 | D:3      | Found Hememoh's Distillery.
  1890 | D:3      | 1890 ||| BUYING potion of curing (42 gold).
  1890 | D:3      | Bought a potion of curing for 42 gold pieces
  1890 | D:3      | 1890 ||| SHOPLISTING potion of heal wounds (70 gold, have
                  | 32).
  1890 | D:3      | 1890 ||| SHOPLISTING potion of might (56 gold, have 32).
  1892 | D:3      | Reached skill level 4 in Axes
  1934 | D:3      | 1934 ||| Stepping ~*~*~tactically~*~*~ (stealth).
  2051 | D:3      | Noticed Grinder
  2056 | D:3      | Paralysed by Grinder for 5 turns
  2075 | D:3      | Killed Grinder
  2076 | D:3      | Reached skill level 5 in Axes
  2076 | D:3      | Reached XP level 5. HP: 17/32 MP: 5/5
  2076 | D:3      | Reached XP level 6. HP: 20/37 MP: 6/6
  2298 | D:3      | 2298 ||| Stepping ~*~*~tactically~*~*~ (hiding).
  2456 | D:3      | 2456 ||| UPGRADING to ring of willpower.
  2457 | D:3      | 2457 ||| READING scroll labelled KICRES AGOCEA.
  2458 | D:3      | 2458 ||| READING scroll labelled UNNIOMP FEBEX.
  2459 | D:3      | 2459 ||| READING scroll labelled OSAUSS JAECE.
  2460 | D:3      | 2460 ||| DRINKING 2 lumpy clear potions.
  2461 | D:3      | 2461 ||| DRINKING 4 potions of curing.
  2461 | D:3      | 2461 ||| (to cure confusion)
  2462 | D:3      | 2462 ||| DRINKING 2 purple potions.
  2463 | D:3      | 2463 ||| DROPPING potion of ambrosia.
  2544 | D:4      | Found a staircase to the Ecumenical Temple.
  2545 | D:4      | 2545 ||| PLANNING TEMPLE
  2545 | D:4      | 2545 ||| STAIRDANCE
  2555 | Temple   | Entered the Ecumenical Temple
  2683 | Temple   | 2683 ||| PLANNING D:1-11
  2813 | D:4      | Noticed Edmund
  2833 | D:4      | HP: 4/37 [Edmund/+1 dire flail of protection (8)]
  2834 | D:4      | 2834 ||| READING scroll of teleportation.
  2834 | D:4      | Slain by Edmund

Levels and vault maps discovered:
D:1:      matt_arrival_refuge, layout_loops_cross,
          shapermc_ecumenical_altar_acropolis, bh_walls_and_bars
D:2:      layout_basic, chequers_serial_rivers_micro_c
D:3:      layout_basic, serial_shops, shop, minmay_lizard_king, uniq_grinder
D:4:      layout_cave_pods, mainiacjoe_overflow_six_doors_small,
          minmay_temple_entry_statues_pillars, uniq_edmund, uniq_natasha,
          uniq_blork_the_orc
Temple:   minmay_crystal_spiral_temple

Skill      XL: |  1  2  3  4 |
---------------+-------------+-----
Axes           | 2 3 5 |  5.8
Throwing       | 1 |  1.0
Fighting       | |  3.4
Armour         | |  3.2
Shields        | |  3.2

Action                     |  1- 3 |  4- 6 || total
---------------------------+-------+-------++-------
  Melee: War axe           |   120 |    78 ||   198
  Throw: Javelin           |     1 |    21 ||    22
    Use: Scroll            |     7 |     4 ||    11
         Potion            |     2 |     3 ||     5
 Armour: Scale mail        |    38 |       ||    38
         Chain mail        |    22 |    33 ||    55
  Dodge: Dodged            |    62 |    67 ||   129
  Block: Buckler           |    26 |    17 ||    43

Table legend:
 A = Non-vault XP
 B = Vault XP
 C = Vault XP percentage of total XP
 D = Non-vault monster count
 E = Vault monster count
 F = Vault count percentage of total count
                 A         B        C        D         E       F
            +---------+---------+-------+---------+---------+-------
      Total |     160 |     287 |  64.2 |      62 |       7 |  10.1
            +---------+---------+-------+---------+---------+-------
        D:1 |      37 |       0 |   0.0 |      22 |       0 |   0.0
        D:2 |      43 |       0 |   0.0 |      11 |       0 |   0.0
        D:3 |      79 |     287 |  78.4 |      28 |       7 |  20.0
        D:4 |       1 |       0 |   0.0 |       1 |       0 |   0.0
            +---------+---------+-------+---------+---------+-------
